 Dungeon Crawl Stone Soup version 0.31-a0-232-gb1c03b2570 (webtiles) character file.

Game seed: 14214518217105706682

27 qw the Shooter (level 2, 0/24 HPs)
             Began as a Minotaur Hexslinger on July 7, 2023.
             Slain by Sigmund
             ... wielding a +1 scythe of protection
              (4 damage)
             ... on level 2 of the Dungeon.
             The game lasted 00:00:25 (1003 turns).

qw the Shooter (Minotaur Hexslinger)                Turns: 1003, Time: 00:00:26

Health: 0/24       AC:  3    Str: 12    XL:     2   Next: 93%
Magic:  2/2        EV: 11    Int: 10    God:
Gold:   51         SH:  0    Dex: 12    Spells: 2/3 levels left

rFire   . . .        Y - +1 sling
rCold   . . .        (no shield)
rNeg    . . .        f - +0 leather armour
rPois   .            (helmet restricted)
rElec   .            (no cloak)
rCorr   .            (no gloves)
SInv    .            (no boots)
Will    .....        (no amulet)
Stlth   +            (no ring)
HPRegen 0.24/turn    (no ring)
MPRegen 0.08/turn

%: no passive effects
@: about to teleport
A: horns 2, retaliatory headbutt
a: no special abilities


You were on level 2 of the Dungeon.
You visited 1 branch of the dungeon, and saw 2 of its levels.

You collected 51 gold pieces.


Innate Abilities, Weirdness & Mutations

You have a pair of horns on your head.
You reflexively headbutt those who attack you in melee.


   Skills:
 - Level 2.0 Fighting
 + Level 3.5 Ranged Weapons
 - Level 2.1 Dodging
 - Level 1.0 Spellcasting
 - Level 2.0 Hexes


You had 2 spell levels left.
You knew the following spells:

 Your Spells              Type           Power      Damage    Failure   Level
a - Slow                  Hex            16%        N/A       19%         1

Your spell library contained the following spells:

 Spells                   Type           Power      Damage    Failure   Level
 Inner Flame              Hex/Fire       2%         N/A       65%         3
 Portal Projectile        Hex/Tloc       4%         N/A       65%         3
 Cause Fear               Hex            2%         N/A       88%         4

Inventory:

Hand Weapons
 Y - a +1 sling (weapon)
Armour
 f - a +0 leather armour (worn)
Jewellery
 b - a +4 ring of slaying {mikee}
Scrolls
 a - a scroll of blinking {unknown}
 d - a scroll of fog {unknown}
Potions
 c - a potion of heal wounds {unknown}
 h - a potion of lignification {unknown}
 i - a potion of cancellation {unknown}

Dungeon Overview and Level Annotations

Branches:
Dungeon (2/15)

Altars:

Annotations:
D:2 Sigmund


Message History

Enter note:
Enter note:
d - a scroll labelled KUZACO NIFEQ
Enter note:
Enter note:
Enter note:
Enter note: Sigmund the Dreaded comes into view.
He is wielding a +1 scythe of protection and carrying a wand of digging (8).
Found 2 stones.
You see here 4 stones.
Enter note:
Enter note:
Enter note:
Enter note: You shoot a sling bullet.
The sling bullet hits Sigmund.
Sigmund shouts!
Sigmund is lightly wounded.
Sigmund points at you and mumbles some strange words.
You are confused.
An endoplasm comes into view.
Sigmund gestures at you while chanting.
You are more confused.
Sigmund barely misses you.
Sigmund points at you and mumbles some strange words.
The puff of flame hits you!
Sigmund whispers, "You'll know eternity soon."
Sigmund hits you from afar with a +1 scythe of protection!
Sigmund misses you.
The endoplasm jiggles.
The endoplasm barely misses you.
You feel less confused. Sigmund says, "I'm your fate."
Sigmund barely misses you. The endoplasm freezes you.
You are frozen.
1003 ||| READING scroll of teleportation.
As you read the scroll of teleportation, it crumbles to dust.
You feel strangely unstable.
Sigmund hits you from afar with a +1 scythe of protection.
You die...

###### .....( .
###### .. #######
..(. ....... ......
.......
############......
.......
#<.........#@.....
.......
#.........@J......
#######
#.................
#............#####.#
#...............##.#
#................#.#
#................#.#
#..................#
##########+#'#)....#
#...#.....##


You could see Sigmund and an endoplasm.

Vanquished Creatures
  An endoplasm (D:2)
  A giant cockroach (D:2)
  2 goblins (D:1)
  2 jackals (D:2)
  6 ball pythons
  3 bats
  3 frilled lizards
  3 kobolds
  6 rats
27 creatures vanquished.

Notes
Turn   | Place    | Note
-------+----------+-------------------------------------------
     0 | D:1      | qw the Minotaur Hexslinger began the quest for the Orb.
     0 | D:1      | Reached XP level 1. HP: 16/16 MP: 1/1
     0 | D:1      | 0 ||| qw: Version: 0.3-a-46-gb1f654a
     0 | D:1      | 0 ||| qw: Game counter: 2861
     0 | D:1      | 0 ||| qw: Melee chars always use a shield: true
     0 | D:1      | 0 ||| qw: God list: Okawaru
     0 | D:1      | 0 ||| qw: Allow faded altars: false
     0 | D:1      | 0 ||| qw: Do Orc after clearing Dungeon:15 true
     0 | D:1      | 0 ||| qw: Do second Lair branch before Depths: true
     0 | D:1      | 0 ||| qw: Lair rune preference: random
     0 | D:1      | 0 ||| qw: Goals: Normal
     0 | D:1      | 0 ||| PLANNING D:1-11
   389 | D:1      | Reached skill level 3 in Ranged Weapons
   392 | D:1      | Reached XP level 2. HP: 23/23 MP: 2/2
   742 | D:1      | 742 ||| UPGRADING to +0 leather armour.
   752 | D:1      | 752 ||| DROPPING +0 robe.
   753 | D:1      | 753 ||| DROPPING +6 ring of intelligence.
   754 | D:1      | 754 ||| READING scroll labelled MUQUPPE EWEAMN.
   755 | D:1      | 755 ||| READING 2 scrolls labelled BUEMEG NIOROCU.
   759 | D:1      | 759 ||| READING scroll labelled MODWELI HUSOQULY.
   760 | D:1      | 760 ||| READING scroll labelled FOUGODAUWOY.
   761 | D:1      | 761 ||| READING scroll labelled DUIDDOALUM.
   762 | D:1      | 762 ||| DROPPING scroll of poison.
   989 | D:2      | Noticed Sigmund
  1002 | D:2      | HP: 4/24 [frozen (4)]
  1003 | D:2      | 1003 ||| READING scroll of teleportation.
  1003 | D:2      | Slain by Sigmund

Levels and vault maps discovered:
D:1:      scummos_arrival_hexagon, layout_loops_corners
D:2:      layout_basic, uniq_sigmund

Skill      XL: |  1  2 |
---------------+-------+-----
Ranged Weapons | 3 |  3.5
Fighting       | 2 |  2.0
Dodging        | |  2.1
Spellcasting   | |  1.0
Hexes          | |  2.0

Action                     || total
---------------------------++-------
   Fire: Sling             ||    80
    Use: Scroll            ||     6
 Armour: Robe              ||     1
         Leather armour    ||    11
  Dodge: Dodged            ||    20

Table legend:
 A = Non-vault XP
 B = Vault XP
 C = Vault XP percentage of total XP
 D = Non-vault monster count
 E = Vault monster count
 F = Vault count percentage of total count
                 A         B        C        D         E       F
            +---------+---------+-------+---------+---------+-------
      Total |      39 |       0 |   0.0 |      27 |       0 |   0.0
            +---------+---------+-------+---------+---------+-------
        D:1 |      19 |       0 |   0.0 |      15 |       0 |   0.0
        D:2 |      20 |       0 |   0.0 |      12 |       0 |   0.0
            +---------+---------+-------+---------+---------+-------
